 Dungeon Crawl Stone Soup version 0.29.1-1-gd02db6906a (webtiles) character file.

Game seed: 10716089766690312754

1394 Zeld the Cleaver (level 8, 0/69 (71) HPs)
             Began as a Minotaur Berserker on Oct 8, 2022.
             Was a Priest of Trog.
             Slain by a wight
             ... wielding a +4 dagger
              (1 damage)
             ... on level 6 of the Dungeon.
             The game lasted 00:06:05 (7579 turns).

Zeld the Cleaver (Minotaur Berserker)               Turns: 7579, Time: 00:06:06

HP:   0/69 (71)     AC:  5    Str: 24    XL:     8   Next: 41%
MP:   7/7           EV: 13    Int:  4    God:    Trog [***...]
Gold: 334           SH:  0    Dex: 10    Spells: 7/7 levels left

rFire   . . .      SeeInvis .   a - +0 battleaxe
rCold   . . .      Faith    .   (shield currently unavailable)
rNeg    . . .      Spirit   .   b - +0 animal skin
rPois   .          Reflect  .   p - +2 hat
rElec   .          Harm     .   k - +0 cloak
rCorr   .          Rampage  .   (no gloves)
Will    ++...                   (no boots)
Stlth   +.........              (no amulet)
HPRegen 1.21/turn               (no ring)
MPRegen 0.10/turn               (no ring)

@: strong-willed, on berserk cooldown, regenerating, slowed, lightly drained,
very slow
A: horns 2, retaliatory headbutt
a: Renounce Religion, Berserk, Trog's Hand


You were on level 6 of the Dungeon.
You worshipped Trog.
Trog was most pleased with you.
You visited 2 branches of the dungeon, and saw 7 of its levels.

You collected 334 gold pieces.

Inventory:

Hand Weapons
 a - a +0 battleaxe (weapon)
Missiles
 g - 10 poisoned darts
 u - 2 boomerangs
Armour
 b - a +0 animal skin (worn)
 k - a +0 cloak (worn)
 p - a +2 hat (worn)
Wands
 r - a wand of polymorph (3)
Scrolls
 c - a scroll of torment {unknown}
 e - 2 scrolls of teleportation {unknown}
 f - a scroll of enchant armour {unknown}
 h - 4 scrolls of fear {unknown}
 j - 2 scrolls of summoning {unknown}
 m - 2 scrolls of identify {unknown}
 s - a scroll of immolation {unknown}
 t - a scroll of enchant weapon {unknown}
Potions
 d - a potion of haste {unknown}
 i - 2 potions of attraction {unknown}
 l - a potion of berserk rage {unknown}
 n - 3 potions of heal wounds {unknown}
 o - 2 potions of lignification {unknown}
 q - a potion of brilliance {unknown}
 v - a potion of mutation {unknown}


   Skills:
 + Level 6.6 Fighting
 * Level 8.7 Axes
 + Level 5.9 Armour
 + Level 5.4 Dodging


You had 7 spell levels left.
You didn't know any spells.
Your spell library was empty.

Dungeon Overview and Level Annotations

Branches:
Dungeon (6/15)             Temple (1/1) D:5

Altars:
Cheibriados
Dithmenos
Elyvilon
Fedhas
Gozag
Nemelex Xobeh
Okawaru
Qazlal
Ru
Sif Muna
Trog
Vehumet
Wu Jian
Xom
Zin

Annotations:
D:5 1 runed translucent door, hawla's ghost, novice MeFE


Innate Abilities, Weirdness & Mutations

You have a pair of horns on your head.
You reflexively headbutt those who attack you in melee.


Message History

Trog accepts your kill.
You closely miss the wight. The wight hits you with a +0 halberd.
* * * LOW HITPOINT WARNING * * *
You closely miss the shadow imp. Your headbutt misses the shadow imp.
You slash the wight! The shadow imp gestures at you.
You struggle to resist.
The wight completely misses you. You furiously retaliate!
You headbutt the wight!
You destroy the wight!
Trog accepts your kill.
You barely miss the shadow imp. You hit the shadow imp.
You headbutt the shadow imp.
The shadow imp is almost dead.
The shadow imp gestures at you. Pain shoots through your body!
* * * LOW HITPOINT WARNING * * *
Unknown command.
You barely miss the shadow imp.
The shadow imp is almost dead.
You hit the wight. The shadow imp closely misses you. You furiously retaliate!
You headbutt the shadow imp!
You kill the shadow imp!
Trog accepts your kill. The wight misses you.
The wight hits you with a +4 dagger!
* * * LOW HITPOINT WARNING * * *
Things that are here:
a +0 spear; a +0 robe You feel a strong urge to attack something.
You are no longer berserk.
You are exhausted.
You feel yourself slow down.
Unknown command.
Your skin crawls.
You feel strong-willed.
You hear the brisk rusting of a very distant drain.
The wight hits you with a +4 dagger.
* * * LOW HITPOINT WARNING * * *
You feel drained.
You die...

#..# #..#
#..# .
#..#####.#
#...#...
###....$.#
#.#.....#..#
#.....@.#..#
###.##)z#..#
#)##..# ##
#.##..# #.
.##.....# #.
#........#
####.
#######..#
##.##. #..#
#..... #..#
#..##.


You could see a wight.

Vanquished Creatures
  Edmund (D:6)
  An orc warrior (D:5)
  An ogre (D:5)
  A centaur (D:5)
  3 scorpions
  A necrophage (D:4)
  6 wights
  A howler monkey (D:5)
  A hound (D:6)
  3 gnoll boudas
  An iguana (D:6)
  Ijyb (D:4)
  2 orc wizards (D:5)
  9 gnolls
  6 adders
  2 shadow imps (D:6)
  2 worms
  2 dart slugs
  10 orcs
  4 endoplasms
  2 giant cockroaches
  3 goblins
  4 hobgoblins
  5 jackals
  10 kobolds
  2 quokkas
  4 ball pythons
  4 bats
  2 frilled lizards (D:1)
  7 rats
101 creatures vanquished.

Vanquished Creatures (collateral kills)
  A jackal (D:3)
1 creature vanquished.

Vanquished Creatures (others)
  A frilled lizard (D:1)
  10 plants (D:4)
11 creatures vanquished.

Grand Total: 113 creatures vanquished

Notes
Turn   | Place    | Note
-------+----------+-------------------------------------------
     0 | D:1      | Zeld the Minotaur Berserker began the quest for the Orb.
     0 | D:1      | Reached XP level 1. HP: 19/19 MP: 0/0
   341 | D:1      | Reached XP level 2. HP: 27/27 MP: 1/1
   366 | D:1      | Reached skill level 4 in Axes
   762 | D:1      | Found a faded altar of an unknown god.
   819 | D:1      | Reached ** piety under Trog
  1272 | D:2      | Found the +2 ratskin cloak {*Rats rPois rN+ Str-1 Int-1
                  | Dex+1}
  1785 | D:2      | Reached XP level 3. HP: 28/33 MP: 2/2
  2847 | D:3      | Reached XP level 4. HP: 40/40 MP: 3/3
  2959 | D:3      | Found a sacrificial altar of Ru.
  3145 | D:3      | Found a shadowy altar of Dithmenos.
  3530 | D:4      | Noticed Ijyb
  3782 | D:4      | Killed Ijyb
  4006 | D:4      | Reached skill level 5 in Axes
  4230 | D:4      | Reached XP level 5. HP: 45/47 MP: 4/4
  4380 | D:4      | Found a white marble altar of Elyvilon.
  4842 | D:5      | Entered Level 5 of the Dungeon
  4842 | D:5      | Noticed a centaur
  4842 | D:5      | Found a staircase to the Ecumenical Temple.
  4847 | D:5      | Killed a centaur
  4848 | D:5      | Reached skill level 5 in Fighting
  4848 | D:5      | Reached skill level 6 in Axes
  4848 | D:5      | Reached XP level 6. HP: 30/56 MP: 5/5
  5197 | Temple   | Entered the Ecumenical Temple
  5789 | D:4      | Reached *** piety under Trog
  6046 | D:5      | Reached XP level 7. HP: 41/61 MP: 6/6
  6058 | D:5      | Reached skill level 7 in Axes
  6361 | D:5      | Reached skill level 5 in Armour
  6511 | D:5      | Found a shimmering blue altar of Sif Muna.
  6530 | D:5      | Found a bloodstained altar of Trog.
  6563 | D:5      | Found a runed translucent door.
  6563 | D:5      | Noticed hawla's ghost (novice MeFE)
  6996 | D:5      | Found a blossoming altar of Fedhas.
  7138 | D:6      | Reached XP level 8. HP: 68/70 MP: 7/7
  7149 | D:6      | Noticed Edmund
  7155 | D:6      | Reached skill level 5 in Dodging
  7156 | D:6      | Reached skill level 8 in Axes
  7162 | D:6      | Killed Edmund
  7328 | D:6      | Found a stormy altar of Qazlal.
  7577 | D:6      | HP: 4/106 [wight/+4 dagger (9)]
  7579 | D:6      | HP: 1/71 [wight/+4 dagger (3)]
  7579 | D:6      | Slain by a wight

Illustrated notes

Levels and vault maps discovered:
D:1:      mushboom_english_gardens, layout_loops_corners,
          hellmonk_ecumenical_altar_pennies_from_heaven, minmay_pentomino_v4
D:2:      layout_loops_corners
D:3:      layout_loops_corners, mainiacjoe_overflow_surrounded_room,
          old_standard_altar, grunt_ministairs_7, nrook_mini_vaults
D:4:      layout_loops_ring, kennysheep_little_box, kennysheep_flooded_box,
          serial_bayou_lagoon_a, serial_park_tiny_1, minivault_24, uniq_ijyb
D:5:      layout_rooms, nzn_overflow_gifts_of_might_and_magic,
          fedhas_altar_fruit_tree, minmay_temple_entry_arrows,
          gammafunk_ghost_grave, minmay_misc_feat_pillars
D:6:      layout_basic, mainiacjoe_overflow_boulevard,
          nicolae_tso_swordbearing_angel, serial_corexii_hall,
          chequers_hall_statues_wall_a, corexii_hall_statues_i,
          portal_sewer_entry_f, uniq_edmund
Temple:   nicolae_temple_bog_church

Skill      XL: |  1  2  3  4  5  6  7  8 |
---------------+-------------------------+-----
Axes           | 4 5 6 7 8 |  8.7
Fighting       | 4 5 6 |  6.6
Armour         | 3 4 5 |  5.9
Dodging        | 3 4 5 |  5.4

Action                   |  1- 3 |  4- 6 |  7- 9 || total
-------------------------+-------+-------+-------++-------
Melee: Hand axe          |    35 |       |       ||    35
       Battleaxe         |    46 |    87 |    82 ||   215
       Headbutt          |    11 |    16 |    14 ||    41
       Unarmed           |       |     4 |       ||     4
Invok: Berserk           |       |       |     2 ||     2
       Trog's Hand       |       |       |     1 ||     1
 Stab: Sleeping          |     3 |     1 |       ||     4
Armor: Animal skin       |    30 |    26 |    17 ||    73
Dodge: Dodged            |    39 |    93 |    63 ||   195
